| TOP OF THE 1ST |
|
University of North Carolina at Chapel Hill Tar Heels batting - Pitching for University of South Carolina Gamecocks : LHP Tara Kawashima
|
|
Pitching: LHP Tara Kawashima
|
|
|
Batting: LHB Ron de Vos
|
0-0: Foul Ball, location: 2F 0-1: Ball 1-1: Bunt for hit to 13S - play at first, batter OUT! 1-3
|
|
Batting: RHB Juan Mejia
|
0-0: Fly out, F7 (Flyball, 7, EV 94.4 MPH)
|
|
Batting: RHB Jonathan Winkler
|
0-0: Ball 1-0: DOUBLE (Flyball, 8RXD, EV 105.0 MPH)
|
|
Batting: RHB Fernando Mejia
|
0-0: Fly out, F8 (Flyball, 8LS, EV 83.1 MPH)
|
| Top of the 1st over - 0 runs, 1 hit, 0 errors, 1 left on base; University of North Carolina at Chapel Hill 0 - University of South Carolina 0 |
| BOTTOM OF THE 1ST |
|
University of South Carolina Gamecocks batting - Pitching for University of North Carolina at Chapel Hill Tar Heels : RHP Steven Kennett
|
|
Pitching: RHP Steven Kennett
|
|
|
Batting: RHB Mike Chiquete
|
0-0: Called Strike 0-1: Fly out, F9 (Line Drive, 9S, EV 96.9 MPH)
|
|
Batting: RHB Emanuel Estrada
|
0-0: Swinging Strike 0-1: Swinging Strike 0-2: Ball 1-2: Strikes out looking
|
|
Batting: RHB Colin Morris
|
0-0: Ball 1-0: Called Strike 1-1: Called Strike 1-2: Ball 2-2: Foul Ball, location: 2F 2-2: Ball 3-2: Base on Balls
|
|
Batting: LHB Jose Mafano
|
0-0: Ball 1-0: Foul Ball, location: 2F 1-1: Ground out 4-3 (Groundball, 34S, EV 84.4 MPH)
|
| Bottom of the 1st over - 0 runs, 0 hits, 0 errors, 1 left on base; University of North Carolina at Chapel Hill 0 - University of South Carolina 0 |
| TOP OF THE 2ND |
|
University of North Carolina at Chapel Hill Tar Heels batting - Pitching for University of South Carolina Gamecocks : LHP Tara Kawashima
|
|
Batting: RHB Paul Holland
|
0-0: Called Strike 0-1: Ball 1-1: Fly out, F8 (Flyball, 8RM, EV 90.0 MPH)
|
|
Batting: RHB Jeremy Rollins
|
0-0: Ball 1-0: Fly out, F7 (Line Drive, 7, EV 92.5 MPH)
|
|
Batting: RHB Brandon Wilson
|
0-0: Fly out, F8 (Flyball, 8LS, EV 72.5 MPH)
|
| Top of the 2nd over - 0 runs, 0 hits, 0 errors, 0 left on base; University of North Carolina at Chapel Hill 0 - University of South Carolina 0 |
| BOTTOM OF THE 2ND |
|
University of South Carolina Gamecocks batting - Pitching for University of North Carolina at Chapel Hill Tar Heels : RHP Steven Kennett
|
|
Batting: RHB Danny Rodriguez
|
0-0: Fly out, F8 (Line Drive, 8LM, EV 101.9 MPH)
|
|
Batting: RHB Jim Smallwood
|
0-0: Foul Ball, location: 2F 0-1: Ball 1-1: Fly out, F7 (Flyball, 7S, EV 76.9 MPH)
|
|
Batting: RHB Pablo Henriquez
|
0-0: Ground out 4-3 (Groundball, 4, EV 81.2 MPH)
|
| Bottom of the 2nd over - 0 runs, 0 hits, 0 errors, 0 left on base; University of North Carolina at Chapel Hill 0 - University of South Carolina 0 |
| TOP OF THE 3RD |
|
University of North Carolina at Chapel Hill Tar Heels batting - Pitching for University of South Carolina Gamecocks : LHP Tara Kawashima
|
|
Batting: SHB Rob Haney
|
0-0: Ball 1-0: Ground out 6-3 (Groundball, 6MD, EV 85.6 MPH)
|
|
Batting: RHB James Bickel
|
0-0: Fly out, F9 (Flyball, 9D, EV 101.2 MPH)
|
|
Batting: LHB Ron de Vos
|
0-0: Called Strike 0-1: Called Strike 0-2: Ground out 3-1 (Groundball, 34, EV 100.0 MPH)
|
| Top of the 3rd over - 0 runs, 0 hits, 0 errors, 0 left on base; University of North Carolina at Chapel Hill 0 - University of South Carolina 0 |
| BOTTOM OF THE 3RD |
|
University of South Carolina Gamecocks batting - Pitching for University of North Carolina at Chapel Hill Tar Heels : RHP Steven Kennett
|
|
Batting: RHB Christopher Arnett
|
0-0: Called Strike 0-1: Ball 1-1: SINGLE (Line Drive, 56D, EV 99.4 MPH)
|
|
Batting: LHB Alex Vazquez
|
0-0: Called Strike 0-1: Called Strike 0-2: Ball 1-2: Ball 2-2: Ball 3-2: Base on Balls Christopher Arnett to second
|
|
Batting: RHB Mike Chiquete
|
0-0: Ball 1-0: Ball 2-0: Grounds into double play, 4-6-3 (Groundball, 4, EV 82.5 MPH) Christopher Arnett to third
|
|
Batting: RHB Emanuel Estrada
|
0-0: SINGLE (Line Drive, 9S, EV 95.0 MPH) Christopher Arnett scores
|
|
Batting: RHB Colin Morris
|
0-0: Ball 1-0: Called Strike 1-1: Foul Ball, location: 2F 1-2: Ball 2-2: Strikes out looking
|
| Bottom of the 3rd over - 1 run, 2 hits, 0 errors, 1 left on base; University of North Carolina at Chapel Hill 0 - University of South Carolina 1 |
| TOP OF THE 4TH |
|
University of North Carolina at Chapel Hill Tar Heels batting - Pitching for University of South Carolina Gamecocks : LHP Tara Kawashima
|
|
Batting: RHB Juan Mejia
|
0-0: Ball 1-0: Foul Ball, location: 2F 1-1: Foul Ball, location: 2F 1-2: Foul Ball, location: 2F 1-2: Reached on error, E5 (Groundball, 5L, EV 88.8 MPH)
|
|
Batting: RHB Jonathan Winkler
|
0-0: Ball 1-0: Grounds into double play, 6-4-3 (Groundball, 6, EV 93.1 MPH)
|
|
Batting: RHB Fernando Mejia
|
0-0: Foul Ball, location: 2F 0-1: Ball 1-1: Ball 2-1: Foul Ball, location: 2F 2-2: Ball 3-2: Foul Ball, location: 2F 3-2: Strikes out swinging
|
| Top of the 4th over - 0 runs, 0 hits, 1 error, 0 left on base; University of North Carolina at Chapel Hill 0 - University of South Carolina 1 |
| BOTTOM OF THE 4TH |
|
University of South Carolina Gamecocks batting - Pitching for University of North Carolina at Chapel Hill Tar Heels : RHP Steven Kennett
|
|
Batting: LHB Jose Mafano
|
0-0: Ball 1-0: DOUBLE (Line Drive, 78D, EV 113.1 MPH)
|
|
Batting: RHB Danny Rodriguez
|
0-0: Fly out, F8 (Line Drive, 8RM, EV 89.4 MPH)
|
|
Batting: RHB Jim Smallwood
|
0-0: Ball 1-0: Swinging Strike 1-1: Ball Wild Pitch! Jose Mafano to third 2-1: Foul Ball, location: 2F 2-2: SINGLE (Groundball, 56D, EV 105.6 MPH) Jose Mafano scores
|
|
Batting: RHB Pablo Henriquez
|
0-0: SINGLE (Groundball, 34D, EV 100.6 MPH) Jim Smallwood to second Runner from 2nd tries for 3rd, SAFE, throw by RF made to third
|
|
Batting: RHB Christopher Arnett
|
0-0: Called Strike 0-1: Grounds into double play, 6-4-3 (Groundball, 6, EV 82.5 MPH)
|
| Bottom of the 4th over - 1 run, 3 hits, 0 errors, 1 left on base; University of North Carolina at Chapel Hill 0 - University of South Carolina 2 |
| TOP OF THE 5TH |
|
University of North Carolina at Chapel Hill Tar Heels batting - Pitching for University of South Carolina Gamecocks : LHP Tara Kawashima
|
|
Batting: RHB Paul Holland
|
0-0: Called Strike 0-1: Swinging Strike 0-2: Strikes out swinging
|
|
Batting: RHB Jeremy Rollins
|
0-0: Called Strike 0-1: Ground out 6-3 (Groundball, 6, EV 97.5 MPH)
|
|
Batting: RHB Brandon Wilson
|
0-0: Swinging Strike 0-1: Ball 1-1: Ball 2-1: Swinging Strike 2-2: Strikes out swinging
|
| Top of the 5th over - 0 runs, 0 hits, 0 errors, 0 left on base; University of North Carolina at Chapel Hill 0 - University of South Carolina 2 |
| BOTTOM OF THE 5TH |
|
University of South Carolina Gamecocks batting - Pitching for University of North Carolina at Chapel Hill Tar Heels : RHP Steven Kennett
|
|
Batting: LHB Alex Vazquez
|
0-0: Hit by Pitch
|
|
Batting: RHB Mike Chiquete
|
0-0: Reached on error, E1 (Groundball, 13S, EV 43.8 MPH) Alex Vazquez to second
|
|
Batting: RHB Emanuel Estrada
|
0-0: Ball 1-0: Called Strike 1-1: Ball 2-1: Foul Ball, location: 2F 2-2: Foul Ball, location: 2F 2-2: Foul Ball, location: 2F 2-2: Foul Ball, location: 2F 2-2: Foul Ball, location: 2F 2-2: Grounds into double play, 3-6-3 (Groundball, 34, EV 98.8 MPH) Alex Vazquez to third
|
|
Batting: RHB Colin Morris
|
0-0: Ground out 3-1 (Groundball, 34, EV 100.0 MPH)
|
| Bottom of the 5th over - 0 runs, 0 hits, 1 error, 1 left on base; University of North Carolina at Chapel Hill 0 - University of South Carolina 2 |
| TOP OF THE 6TH |
|
University of North Carolina at Chapel Hill Tar Heels batting - Pitching for University of South Carolina Gamecocks : LHP Tara Kawashima
|
|
Batting: SHB Rob Haney
|
0-0: Swinging Strike 0-1: Ball 1-1: SINGLE (Line Drive, 6MD, EV 102.5 MPH)
|
|
Batting: RHB James Bickel
|
0-0: Fly out, F9 (Flyball, 9, EV 91.9 MPH)
|
|
Batting: LHB Ron de Vos
|
0-0: Ball 1-0: Swinging Strike 1-1: Called Strike 1-2: Ball 2-2: Ground out 4-3 (Groundball, 4, EV 84.4 MPH) Rob Haney to second
|
|
Batting: RHB Juan Mejia
|
0-0: Foul Ball, location: 2F 0-1: Foul Ball, location: 2F 0-2: Strikes out looking
|
| Top of the 6th over - 0 runs, 1 hit, 0 errors, 1 left on base; University of North Carolina at Chapel Hill 0 - University of South Carolina 2 |
| BOTTOM OF THE 6TH |
|
University of South Carolina Gamecocks batting - Pitching for University of North Carolina at Chapel Hill Tar Heels : RHP Steven Kennett
|
|
Batting: LHB Jose Mafano
|
0-0: Called Strike 0-1: SINGLE (Groundball, 6D, EV 108.1 MPH)
|
|
Batting: RHB Danny Rodriguez
|
0-0: Ball 1-0: Called Strike 1-1: Ball 2-1: Called Strike 2-2: Foul Ball, location: 2F 2-2: Ball 3-2: Fly out, F7 (Flyball, 7, EV 71.9 MPH)
|
|
Batting: RHB Jim Smallwood
|
0-0: Ball 1-0: Ball 2-0: Ball 3-0: Called Strike 3-1: Foul Ball, location: 2F 3-2: Base on Balls Jose Mafano to second
|
|
Batting: RHB Pablo Henriquez
|
0-0: Ball 1-0: SINGLE (Line Drive, 8RS, EV 106.2 MPH) Jose Mafano to third Jim Smallwood to second Runner from 3rd tries for Home, SAFE, throw by CF to home
|
|
Batting: RHB Christopher Arnett
|
0-0: Ball 1-0: DOUBLE (Line Drive, 9LS, EV 107.5 MPH) Jim Smallwood scores Pablo Henriquez to third Runner from 3rd tries for Home, SAFE, throw by RF to trailing runner, SAFE at third!
|
|
Pitching: RHP Alex Aldaya
|
|
|
Batting: LHB Alex Vazquez
|
0-0: Ground out 6-3 (Groundball, 6M, EV 102.5 MPH) Christopher Arnett scores
|
|
Batting: RHB Mike Chiquete
|
0-0: Ball 1-0: Ball 2-0: SINGLE (Groundball, 34D, EV 97.5 MPH)
|
|
Batting: RHB Emanuel Estrada
|
0-0: Called Strike Mike Chiquete steals 2nd base (no throw) 0-1: Swinging Strike 0-2: Strikes out looking
|
| Bottom of the 6th over - 4 runs, 4 hits, 0 errors, 1 left on base; University of North Carolina at Chapel Hill 0 - University of South Carolina 6 |
| TOP OF THE 7TH |
|
University of North Carolina at Chapel Hill Tar Heels batting - Pitching for University of South Carolina Gamecocks : LHP Tara Kawashima
|
|
Batting: RHB Jonathan Winkler
|
0-0: Ball 1-0: Ball 2-0: Ball 3-0: Base on Balls
|
|
Batting: RHB Fernando Mejia
|
0-0: Swinging Strike 0-1: Ball 1-1: Called Strike 1-2: Grounds into double play, 5-4-3 (Groundball, 56, EV 89.4 MPH)
|
|
Batting: RHB Paul Holland
|
0-0: Called Strike 0-1: Ball 1-1: Called Strike 1-2: Strikes out looking
|
| Top of the 7th over - 0 runs, 0 hits, 0 errors, 0 left on base; University of North Carolina at Chapel Hill 0 - University of South Carolina 6 |
| BOTTOM OF THE 7TH |
|
University of South Carolina Gamecocks batting - Pitching for University of North Carolina at Chapel Hill Tar Heels : RHP Alex Aldaya
|
|
Batting: RHB Colin Morris
|
0-0: SINGLE (Flyball, 9S, EV 95.0 MPH)
|
|
Batting: LHB Jose Mafano
|
0-0: Ball 1-0: DOUBLE (Groundball, 5L, EV 100.6 MPH) Colin Morris to third Runner from 3rd tries for Home, SAFE, no throw by LF
|
|
Batting: RHB Danny Rodriguez
|
0-0: Ball 1-0: Ground out 6-3 (Groundball, 6, EV 87.5 MPH) Jose Mafano to third
|
|
Batting: RHB Jim Smallwood
|
0-0: Fly out, F1 (Line Drive, P, EV 66.2 MPH)
|
|
Pinch Hitting: LHB John Harvey
|
0-0: SINGLE (Line Drive, 78M, EV 99.4 MPH) Jose Mafano scores
|
|
Batting: RHB Christopher Arnett
|
0-0: Ball 1-0: Ball 2-0: Ball 3-0: Called Strike 3-1: Swinging Strike 3-2: DOUBLE (Line Drive, 7LM, EV 89.4 MPH) John Harvey to third John Harvey scores
|
|
Batting: LHB Alex Vazquez
|
0-0: Ball 1-0: Ball 2-0: Foul Ball, location: 2F 2-1: Foul Ball, location: 2F 2-2: Strikes out swinging
|
| Bottom of the 7th over - 3 runs, 4 hits, 0 errors, 1 left on base; University of North Carolina at Chapel Hill 0 - University of South Carolina 9 |
| TOP OF THE 8TH |
|
University of North Carolina at Chapel Hill Tar Heels batting - Pitching for University of South Carolina Gamecocks : LHP Tara Kawashima
|
|
Now at 2B: John Harvey
|
|
|
Batting: RHB Jeremy Rollins
|
0-0: Ball 1-0: Foul Ball, location: 2F 1-1: Ball 2-1: Foul Ball, location: 2F 2-2: Ball 3-2: Foul Ball, location: 2F 3-2: Strikes out swinging
|
|
Batting: RHB Brandon Wilson
|
0-0: Called Strike 0-1: Swinging Strike 0-2: Strikes out swinging
|
|
Batting: SHB Rob Haney
|
0-0: Called Strike 0-1: Ball 1-1: Ball 2-1: Foul Ball, location: 2F 2-2: Ball 3-2: Base on Balls
|
|
Pitching: RHP Silvian Mans
|
|
|
Batting: RHB James Bickel
|
0-0: Ball 1-0: 2-RUN HOME RUN (Flyball, 7LD, EV 100.0 MPH), Distance : 372 ft
|
|
Batting: LHB Ron de Vos
|
0-0: Called Strike 0-1: Ground out 4-3 (Groundball, 34D, EV 104.4 MPH)
|
| Top of the 8th over - 2 runs, 1 hit, 0 errors, 0 left on base; University of North Carolina at Chapel Hill 2 - University of South Carolina 9 |
| BOTTOM OF THE 8TH |
|
University of South Carolina Gamecocks batting - Pitching for University of North Carolina at Chapel Hill Tar Heels : RHP Alex Aldaya
|
|
Pinch Hitting: RHB Carlos Viera
|
0-0: Called Strike 0-1: Foul Ball, location: 2F 0-2: Ball 1-2: Strikes out swinging
|
|
Batting: RHB Emanuel Estrada
|
0-0: Ball 1-0: Called Strike 1-1: SOLO HOME RUN (Flyball, 7D, EV 105.0 MPH), Distance : 393 ft
|
|
Pitching: RHP Didier Pages
|
|
|
Batting: RHB Colin Morris
|
0-0: Ball 1-0: Foul Ball, location: 2F 1-1: Fly out, F8 (Flyball, 8LM, EV 83.8 MPH)
|
|
Batting: LHB Jose Mafano
|
0-0: Ball 1-0: Ball 2-0: Called Strike 2-1: Ball 3-1: Base on Balls
|
|
Batting: RHB Danny Rodriguez
|
0-0: Ball 1-0: Ball 2-0: Called Strike 2-1: SINGLE (Line Drive, 78S, EV 97.5 MPH) Jose Mafano to second Runner from 2nd tries for 3rd, SAFE, throw by LF made to third
|
|
Batting: RHB Jim Smallwood
|
0-0: Ball 1-0: Ball 2-0: Ball 3-0: Called Strike 3-1: Base on Balls Danny Rodriguez to second
|
|
Batting: LHB John Harvey
|
0-0: Called Strike 0-1: Foul Ball, location: 2F 0-2: Ball 1-2: Fly out, F8 (Line Drive, 8LD, EV 94.4 MPH)
|
| Bottom of the 8th over - 1 run, 2 hits, 0 errors, 3 left on base; University of North Carolina at Chapel Hill 2 - University of South Carolina 10 |
| TOP OF THE 9TH |
|
University of North Carolina at Chapel Hill Tar Heels batting - Pitching for University of South Carolina Gamecocks : RHP Silvian Mans
|
|
Now at SS: Carlos Viera
|
|
|
Batting: RHB Juan Mejia
|
0-0: Called Strike 0-1: Ball 1-1: Fly out, F7 (Line Drive, 78D, EV 100.0 MPH)
|
|
Batting: RHB Jonathan Winkler
|
0-0: Ball 1-0: Ball 2-0: Called Strike 2-1: Ball 3-1: Fly out, F3 (Popup, 23F, EV 90.0 MPH)
|
|
Batting: RHB Fernando Mejia
|
0-0: Called Strike 0-1: Foul Ball, location: 2F 0-2: SOLO HOME RUN (Flyball, 89XD, EV 103.1 MPH), Distance : 402 ft
|
|
Batting: RHB Bill Atley
|
0-0: Ball 1-0: Called Strike 1-1: Ball 2-1: Ball 3-1: Base on Balls
|
|
Batting: RHB Jeremy Rollins
|
0-0: Ball 1-0: Foul Ball, location: 2F 1-1: Ground out U3 (Groundball, 3S, EV 88.8 MPH)
|
| Top of the 9th over - 1 run, 1 hit, 0 errors, 1 left on base; University of North Carolina at Chapel Hill 3 - University of South Carolina 10 |
|